 Dungeon Crawl Stone Soup version 0.28-a0-1435-g82390b3a13 (webtiles) character file.

Game seed: 9144669077556961393

2408 riojii the Firebug (level 9, 11/51 HPs)
             Began as an Octopode Fire Elementalist on Jan 10, 2022.
             Quit the game on level 7 of the Dungeon.
             The game lasted 00:17:03 (7705 turns).

riojii the Firebug (Octopode Fire Elementalist)     Turns: 7705, Time: 00:17:04

Health: 11/51      AC:  1    Str:  7    XL:     9   Next: 47%
Magic:  17/19      EV: 13    Int: 21    God:
Gold:   399        SH:  0    Dex: 13    Spells: 17/22 levels left

rFire   + . .      SeeInvis .   a - staff of fire
rCold   . . .      Faith    .   (no shield)
rNeg    . . .      Spirit   .   (helmet restricted)
rPois   .          Reflect  .   (no amulet)
rElec   .          Harm     .   (no ring)
rCorr   .          Rampage  .   (no ring)
Will    .....                   (no ring)
Stlth   ++........              (no ring)
HPRegen 0.17/turn               (no ring)
MPRegen 0.16/turn               (no ring)
                                (no ring)
                                (no ring)

@: lethally poisoned (11 -> -3), lit by a corona, glowing
A: almost no armour, amphibious, 8 rings, camouflage 1, gelatinous body 1,
(nimble swimmer 1), tentacles
a: no special abilities


You were on level 7 of the Dungeon.
You visited 1 branch of the dungeon, and saw 7 of its levels.

You collected 399 gold pieces.

Inventory:

Missiles
 e - a throwing net
 h - 3 boomerangs of dispersal
Magical Staves
 a - a staff of fire (weapon)
Wands
 c - a wand of polymorph (7)
 j - a wand of paralysis (10)
 l - a wand of iceblast (9)
 s - a wand of digging (3)
Scrolls
 f - 2 scrolls of silence
 k - 2 scrolls of enchant weapon
 p - a scroll of magic mapping {unknown}
 q - a scroll of amnesia {unknown}
 r - 2 scrolls of teleportation
 u - 3 scrolls of enchant armour {unknown}
 v - a scroll of fog {unknown}
 w - a scroll of brand weapon {unknown}
Potions
 b - 2 potions of magic {unknown}
 d - 3 potions of haste {unknown}
 g - 4 potions of flight
 i - a potion of attraction {unknown}
 m - a potion of brilliance {unknown}
 n - a potion of resistance {unknown}
 o - a potion of curing {unknown}
 t - a potion of might {unknown}


   Skills:
 - Level 2.0 Dodging
 - Level 2.6 Stealth
 + Level 7.0 Spellcasting
 + Level 6.8 Conjurations
 - Level 2.6 Translocations
 + Level 7.4 Fire Magic


You had 17 spell levels left.
You knew the following spells:

 Your Spells              Type           Power      Damage    Failure   Level
a - Foxfire               Conj/Fire      100%       2x1d9     1%          1
b - Scorch                Fire           100%       2d10      1%          2
c - Blink                 Tloc           36%        N/A       4%          2

Your spell library contained the following spells:

 Spells                   Type           Power      Damage    Failure   Level
 Conjure Flame            Conj/Fire      54%        6-21      1%          3
 Flame Wave               Conj/Fire      54%        2d9       4%          4
 Inner Flame              Hex/Fire       34%        N/A       6%          3
 Lesser Beckoning         Tloc           18%        N/A       9%          3
 Corpse Rot               Necr/Air       14%        N/A       13%         2
 Poisonous Vapours        Pois/Air       14%        N/A       13%         2
 Manifold Assault         Tloc           18%        N/A       63%         5


Dungeon Overview and Level Annotations

Branches:
Dungeon (7/15)
 Temple: D:4-7

Altars:
Ru
Zin

Shops:
D:4 ?!


Innate Abilities, Weirdness & Mutations

You cannot wear most types of armour.
You are amphibious.
You can wear up to eight rings at the same time.
Your skin changes colour to match your surroundings (Stealth+).
Your rubbery body absorbs attacks. (AC +1, EV +1)
((You are camouflaged when in or above water. (Stealth+)))
You have tentacles for arms and can constrict up to eight enemies at once.


Message History

Casting: Foxfire (safe; 1% risk of failure)
Confirm with . or Enter, or press ? or * to list all spells.
You feel a surge of power!
Flames lash the centaur skeleton.
You destroy the centaur skeleton!
Your foxfire dissipates!
Magic restored.
Found a chain mail.
A scorpion comes into view.
There is a stone staircase leading down here. 2 bullfrogs, a gnoll and a gnoll shaman come into view.
The gnoll shaman shouts!
You hear a shout! x2
A gnoll comes into view. It is wielding a +0 club.
Casting: Scorch (safe; 1% risk of failure)
Confirm with . or Enter, or press ? or * to list all spells.
You blink. 2 gnolls, an orc, an orc warrior and an orc wizard come into view.
The orc wizard is wielding a +2 dagger of venom.
The bullfrog gives a loud, deep croak!
The bullfrog croaks.
The orc wizard shouts!
The gnoll shaman mumbles some strange prayers to its god against you.
You are outlined in light.
The bullfrog hits you. The gnoll closely misses you.
The gnoll hits you with a +0 spear. The bullfrog barely misses you.
The scorpion stings you.
You are poisoned.
The scorpion poisons you!
The gnoll hits you from afar with a +0 spear!
You feel very sick. The scorpion stings you!
You are lethally poisoned!
The scorpion poisons you!
You feel stable enough to blink again.
* * * LOW HITPOINT WARNING * * *
You feel very sick.
The gnoll hits you from afar with a +0 spear.
* * * LOW HITPOINT WARNING * * *
The bullfrog hits you but does no damage.
The orc wizard gestures wildly while chanting.
The orc wizard flickers and vanishes!
Deactivating autopickup; reactivate with Ctrl-A.
Are you sure you want to abandon this character and quit the game? (Confirm with "yes".)

#..........# #.# ...#
#..........# #.# .(..#.
...........# #.##......
...........# #.<......#
........o..####...##...#
#...{..og# #.....# #
#......Fg###.##..#
.........gs##>##..#
.........gF@..##.##
#...........####.#
#...........# #..
#............ ..
##.......[.... ..
##.....##...#. ####..
....#.# ##. .##.. .


You could see an orc warrior, 2 bullfrogs, a gnoll shaman, a scorpion, 3 gnolls
and an orc.

Vanquished Creatures
  Pikel (D:4)
  An ice beast (D:5)
  A sky beast (D:6)
  2 ogres (D:6)
  An orc warrior (D:4)
  A black bear (D:4)
  2 necrophages
  A phantom (D:5)
  3 lemures
  A wyvern zombie (D:6)
  4 scorpions
  A water moccasin skeleton (D:5)
  A water moccasin zombie (D:6)
  3 howler monkeys
  A centaur zombie (D:6)
  2 hounds (D:5)
  4 centaur skeletons
  A bullfrog skeleton (D:5)
  2 iguanas
  4 orc wizards
  Ijyb (D:3)
  Natasha (thrice) (D:4)
  A howler monkey skeleton (D:5)
  3 gnolls (D:2)
  5 adders
  A white imp (D:5)
  An adder skeleton (D:4)
  4 worms
  2 dart slugs (D:1)
  14 orcs
  A bat (D:3)
  9 endoplasms
  2 giant cockroaches
  3 goblins
  3 hobgoblins
  7 jackals
  5 kobolds
  4 quokkas
  12 ball pythons
  3 frilled lizards
  4 rats
125 creatures vanquished.

Vanquished Creatures (others)
  420 foxfires
420 creatures vanquished.

Grand Total: 545 creatures vanquished

Notes
Turn   | Place    | Note
-------+----------+-------------------------------------------
     0 | D:1      | riojii the Octopode Fire Elementalist began the quest for
                  | the Orb.
     0 | D:1      | Reached XP level 1. HP: 11/11 MP: 3/3
   320 | D:1      | Reached XP level 2. HP: 17/17 MP: 1/5
   744 | D:1      | You fall into a shaft and drop 1 floor!
   777 | D:2      | Found a glowing silver altar of Zin.
   857 | D:2      | Reached XP level 3. HP: 21/21 MP: 5/7
  1368 | D:2      | Learned a level 2 spell: Scorch
  1655 | D:2      | Reached XP level 4. HP: 12/27 MP: 1/8
  2341 | D:2      | Identified a scroll of acquirement
  2341 | D:2      | Acquired a staff of fire
  2393 | D:3      | Noticed Ijyb
  2400 | D:3      | Killed Ijyb
  2731 | D:3      | Reached XP level 5. HP: 31/31 MP: 4/10
  2874 | D:3      | Found a faded altar of an unknown god.
  3392 | D:4      | Noticed Natasha
  3392 | D:4      | Found Laozxiytocw's Magic Scroll Boutique.
  3398 | D:4      | Killed Natasha
  3529 | D:4      | Noticed a black bear
  3532 | D:4      | Killed a black bear
  3533 | D:4      | Reached XP level 6. HP: 36/36 MP: 5/12
  3537 | D:4      | Noticed a necrophage
  3542 | D:4      | Killed a necrophage
  3668 | D:4      | Noticed an orc warrior
  4124 | D:4      | Killed an orc warrior
  4125 | D:4      | Reached XP level 7. HP: 41/41 MP: 7/14
  4252 | D:4      | Noticed Natasha
  4256 | D:4      | Killed Natasha
  4270 | D:4      | Noticed Natasha
  4274 | D:4      | Killed Natasha
  4430 | D:4      | Noticed Pikel
  4649 | D:4      | Killed Pikel
  4650 | D:4      | Reached skill level 5 in Spellcasting
  4650 | D:4      | Reached skill level 5 in Fire Magic
  4650 | D:4      | Reached XP level 8. HP: 46/46 MP: 0/16
  4805 | D:4      | Reached skill level 5 in Conjurations
  4935 | D:4      | Found Qyiriocs's Distillery.
  4945 | D:4      | Learned a level 2 spell: Blink
  5223 | D:4      | Found a sacrificial altar of Ru.
  5272 | D:5      | Entered Level 5 of the Dungeon
  5288 | D:5      | Reached skill level 1 in Translocations
  6757 | D:6      | Reached XP level 9. HP: 51/51 MP: 13/18
  7705 | D:7      | Quit the game

Illustrated notes

Levels and vault maps discovered:
D:1:      dpeg_arrival_simpleton_b, layout_basic,
          hangedman_abyss_or_decor_stabs, minmay_misc_feat_secret_circle,
          hangedman_decor_clover_reticule, interstate_on_off
D:2:      layout_rooms, basic_altar, minmay_misc_feat_rows
D:3:      layout_rooms, ebering_ecumenical_altar_abandoned, st_stairs_10,
          uniq_ijyb
D:4:      layout_cave_pools, nicolae_ru_the_path_less_chosen, serial_shops,
          shop, shop, nicolae_underground_beach, uniq_natasha, uniq_pikel
D:5:      layout_loops_cross, item_on_display_a
D:6:      layout_gridville, enter_ossuary_1
D:7:      layout_rooms, minmay_temple_entry_ruins

Skill      XL: |  1  2  3  4  5  6  7  8  9 |
---------------+----------------------------+-----
Spellcasting   | 3 4 5 6 7 |  7.0
Conjurations   | 2 3 4 5 6 |  6.8
Fire Magic     | 4 5 6 7 |  7.4
Translocations | 2 |  2.6
Dodging        | |  2.0
Stealth        | |  2.6

Action                   |  1- 3 |  4- 6 |  7- 9 || total
-------------------------+-------+-------+-------++-------
Melee: Unarmed           |     8 |       |       ||     8
       Tentacles         |     1 |       |       ||     1
       Staff             |       |       |     4 ||     4
       Constrict         |       |       |     1 ||     1
 Cast: Foxfire           |    49 |    69 |   123 ||   241
       Scorch            |     3 |    18 |    60 ||    81
       Blink             |       |       |     1 ||     1
  Use: Scroll            |       |     5 |     2 ||     7
Armor: Skin              |       |       |     5 ||     5
Dodge: Dodged            |     7 |     8 |    14 ||    29

Table legend: (Time is in decaauts)
 A = Elapsed time spent in this place.
 B = Non-inter-level travel time spent in this place.
 C = Inter-level travel time spent in this place.
 D = Time resting spent in this place.
 E = Time spent auto-exploring this place.
 F = Levels seen in this place.
 G = Mean time per level.
                   A        B        C        D        E       F      G
               +--------+--------+--------+--------+--------+-----+--------+
         Total |   7710 |   7553 |    157 |   1833 |   4616 |   7 | 1101.4 |
       Dungeon |   7710 |   7553 |    157 |   1833 |   4616 |   7 | 1101.4 |
               +--------+--------+--------+--------+--------+-----+--------+

Top non-repeatable levels by time:
     D:4: 1844 daAuts
     D:1: 1592 daAuts
     D:3: 1430 daAuts
     D:5: 1048 daAuts
     D:6: 942 daAuts
     D:2: 799 daAuts
     D:7: 51 daAuts
